[Event "ICC 60 30 u"]
[Site "Internet Chess Club"]
[Date "2014.03.14"]
[Round "1"]
[White "illescas"]
[Black "CrusadersDarwen"]
[Result "1-0"]
[ICCResult "Black resigns"]
[WhiteElo "2608"]
[BlackElo "1574"]
[Opening "Benoni defense, Hromodka system"]
[ECO "A56"]
[NIC "BI.38"]
[Time "14:00:58"]
[TimeControl "3600+30"]

1. d4 Nf6 2. c4 c5 3. d5 d6 4. Nc3 g6 5. e4 Bg7 6. Nf3 O-O 7. h3 e6 8. Bd3
exd5 9. exd5 Na6 10. O-O Nc7 11. Bf4 Re8 12. Qd2 Nh5 13. Bg5 Qd7 14. Rae1 a6
15. Rxe8+ Nxe8 16. Re1 Nhf6 17. a4 b6 18. Re2 Kh8 19. Qe1 Ra7 20. Bh4 Rc7
21. Bg3 Kg8 22. Nd2 Bb7 23. Nde4 Nxe4 24. Nxe4 Bf8 25. Nxc5 Rxc5 26. Rxe8
Rc8 27. Rxc8 Qxc8 28. b3 Qd8 29. Qe3 Bc8 30. Qf4 Bb7 31. Bh4 Qe8 32. Qe3 Qd7
33. Bf6 b5 34. a5 bxc4 35. bxc4 Bc8 36. Bc3 Bg7 37. Bxg7 Kxg7 38. Qd4+ Kg8
39. Qb6 Kg7 40. Be2 Qe7 41. Qb2+ f6 42. Bf1 Qc7 43. Qb4 Kf7 44. Bd3 Bb7 45.
Bc2 Bxd5 46. cxd5 Qxc2 47. Qxd6 Qe2 48. f4 Qe1+ 49. Kh2 Qxa5 50. Qe6+ Kg7
51. Qe7+ Kg8 52. d6 Qf5 53. Qd8+ Kg7 54. Qc7+ Kh6 55. d7 {Black resigns} 1-0

[Event "ICC 60 30 u"]
[Site "Internet Chess Club"]
[Date "2014.03.14"]
[Round "1"]
[White "illescas"]
[Black "Qui"]
[Result "1/2-1/2"]
[ICCResult "Game drawn by repetition"]
[WhiteElo "2608"]
[BlackElo "1954"]
[Opening "English opening"]
[ECO "A05"]
[NIC "QP.11"]
[Time "14:01:59"]
[TimeControl "3600+30"]

1. Nf3 Nf6 2. c4 e6 3. Nc3 d5 4. cxd5 exd5 5. d4 Be7 6. Bf4 c6 7. e3 O-O 8.
Bd3 Qb6 9. Qc2 Na6 10. a3 h6 11. h3 Re8 12. O-O Be6 13. b4 Rac8 14. Rfb1 Qd8
15. Bxa6 bxa6 16. Ne5 Nd7 17. Nxd7 Qxd7 18. Qe2 g5 19. Bg3 Bf5 20. Rc1 a5
21. bxa5 Bf6 22. Na4 Bxd4 23. Ra2 c5 24. Qd2 Bxe3 25. fxe3 Qxa4 26. Rf1 Qe4
27. Qc3 d4 28. exd4 cxd4 29. Qf3 Rc2 30. Rxc2 Qxf3 31. Rxf3 Bxc2 32. Rf6 Re6
33. Rxe6 fxe6 34. Kf2 a6 35. Be5 d3 36. Ke3 Kf7 37. g4 Kg6 38. Kd2 Bb3 39.
Kxd3 Bd5 40. Ke3 Bg2 41. Kf2 Bxh3 42. Kg3 Bf1 43. Bd4 Be2 44. Bc3 h5 45.
gxh5+ Kxh5 46. Bd2 Kg6 47. Bc1 Kf5 48. Bd2 e5 49. Bc3 Ke4 50. Bd2 g4 51. Kf2
Kd3 52. Bg5 e4 53. Bf4 Bf3 54. Ke1 e3 55. Bc7 Ke4 56. Bd6 Kd5 57. Bb8 Kd4
58. Ba7+ Kd3 59. Bb8 Bc6 60. Bc7 Ke4 61. Bb8 Bb5 62. Bc7 Kf3 63. Bd6 Kg2 64.
Bf4 Kf3 65. Bc7 g3 66. Bd6 Kg2 67. Bf4 Kf3 68. Bd6 Kg4 69. Bc5 Kf3 70. Bd6
{Game drawn by repetition}
1/2-1/2

[Event "ICC 60 30 u"]
[Site "Internet Chess Club"]
[Date "2014.03.14"]
[Round "1"]
[White "illescas"]
[Black "adityasamant"]
[Result "1/2-1/2"]
[ICCResult "Game drawn by mutual agreement"]
[WhiteElo "2608"]
[BlackElo "1768"]
[Opening "Réti: advance variation"]
[ECO "A09"]
[NIC "RE.15"]
[Time "14:00:58"]
[TimeControl "3600+30"]

1. Nf3 d5 2. c4 d4 3. g3 Nc6 4. Bg2 e5 5. O-O Nf6 6. d3 Bd6 7. Na3 O-O 8.
Nc2 Be6 9. Rb1 a5 10. b3 Qd7 11. a3 Rfe8 12. Bg5 Qe7 13. b4 axb4 14. axb4
Nxb4 15. Nxb4 Bxb4 16. Nxe5 Bc8 17. Nf3 c5 18. e3 dxe3 19. Bxe3 Rd8 20. h3
Ne4 21. Qc1 Rxd3 22. Bg5 f6 23. Bf4 Rc3 24. Qd1 Rxc4 25. Be3 Nxg3 26. fxg3
Qxe3+ 27. Kh1 Qe8 28. Rf2 Qe7 29. Re2 Qd7 30. Ng5 fxg5 31. Qd5+ Qxd5 32.
Bxd5+ Kf8 33. Bxc4 Bc3 34. Kg2 Rb8 35. Rb6 Bf6 36. Bd5 g4 37. h4 h6 38. Re3
c4 39. Bxc4 Bd4 40. Reb3 Bxb6 41. Rxb6 Ke7 42. Bd5 Ra8 43. Bxb7 Rb8 44. Bxc8
Rxb6 45. Bxg4 Kf6 46. Bf3 Rb2+ 47. Kg1 Ke5 48. Kf1 Kd4 49. Kg1 Ke3 50. Bc6
Re2 51. Bd5 Rf2 52. Bc6 Rc2 53. Bd5 Ke2 54. Kg2 Rd2 55. Bc6 Ke3+ 56. Kg1 g6
57. Bb7 Kd4 58. Bf3 Ke5 59. Bc6 Kf5 60. Bf3 Ra2 61. Kf1 Ke5 62. Kg1 Rc2 63.
Kf1 g5 64. hxg5 hxg5 65. Kg1 Rd2 66. Kf1 Kd4 67. Kg1 Ke3 68. Bc6 Rd1+ 69.
Kg2 g4 70. Bb7 Ra1 71. Bc6 Ra7 72. Bd5 Ra6 73. Bb7 Rb6 74. Bd5 Rd6 75. Bb7
{Game drawn by mutual agreement}
1/2-1/2

[Event "ICC 60 30 u"]
[Site "Internet Chess Club"]
[Date "2014.03.14"]
[Round "1"]
[White "illescas"]
[Black "cvsol"]
[Result "1-0"]
[ICCResult "Black resigns"]
[WhiteElo "2608"]
[BlackElo "1400"]
[Opening "Pirc: classical system, 5.Be2"]
[ECO "B08"]
[NIC "PU.01"]
[Time "14:00:58"]
[TimeControl "3600+30"]

1. e4 d6 2. d4 Nf6 3. Nc3 g6 4. Nf3 Bg7 5. Be2 O-O 6. O-O Bg4 7. Be3 Bxf3 8.
Bxf3 e5 9. dxe5 dxe5 10. Qxd8 Rxd8 11. Rfd1 Nc6 12. Nb5 Nb4 13. Nxc7 Rxd1+
14. Rxd1 Rc8 15. c3 Bf8 16. Nb5 Nc6 17. Bg5 Kg7 18. Bxf6+ Kxf6 19. Rd7 a6
20. Nd6 Rd8 21. Rxd8 Nxd8 22. Nc4 Ne6 23. Be2 Bc5 24. Kf1 Nf4 25. g3 Nxe2
26. Kxe2 Ke6 27. a4 b5 28. axb5 axb5 29. Na3 b4 30. cxb4 Bxb4 31. Nc2 Bd6
32. Kd3 f5 33. f3 Bc5 34. Ne3 h5 35. h3 f4 36. gxf4 exf4 37. Nd5 Ke5 38. b4
Bd6 39. b5 g5 40. b6 Bb8 41. Nb4 Ke6 42. Na6 Be5 43. b7 g4 44. fxg4 hxg4 45.
hxg4 Kf6 46. Ke2 Kg5 47. Kf3 {Black resigns} 1-0

[Event "ICC 60 30 u"]
[Site "Internet Chess Club"]
[Date "2014.03.14"]
[Round "1"]
[White "illescas"]
[Black "DK11"]
[Result "1-0"]
[ICCResult "Black resigns"]
[WhiteElo "2608"]
[BlackElo "1896"]
[Opening "Trompowsky attack (Ruth, Opocenský opening)"]
[ECO "A45"]
[NIC "QP.07"]
[Time "14:00:58"]
[TimeControl "3600+30"]

1. d4 Nf6 2. Bg5 c5 3. Nc3 cxd4 4. Qxd4 Nc6 5. Qh4 Qa5 6. O-O-O d6 7. Kb1
Be6 8. Bxf6 gxf6 9. Qa4 Qxa4 10. Nxa4 Nb4 11. a3 Nc6 12. Nf3 b5 13. Nc3 b4
14. axb4 Nxb4 15. Nd4 Rc8 16. Nxe6 fxe6 17. e4 Kf7 18. Be2 h5 19. h4 Bg7 20.
Rd4 a5 21. Rc4 Rxc4 22. Bxc4 Rc8 23. Bb3 Bh6 24. Rd1 Nc6 25. g3 Nd8 26. Ne2
Rc5 27. Nd4 Bg7 28. c3 d5 29. Re1 f5 30. exf5 Bxd4 31. cxd4 Rb5 32. fxe6+
Nxe6 33. Bd1 Nxd4 34. Bxh5+ Kf6 35. g4 e5 36. g5+ Kf5 37. Rg1 a4 38. Ka2 Nc2
39. g6 Nb4+ 40. Ka3 Nc2+ 41. Kxa4 Rxb2 42. g7 Rb4+ 43. Ka5 Rxh4 44. g8=Q
Rxh5 45. Qg6+ {Black resigns} 1-0

[Event "ICC 60 30 u"]
[Site "Internet Chess Club"]
[Date "2014.03.14"]
[Round "1"]
[White "illescas"]
[Black "TahoeSam"]
[Result "1/2-1/2"]
[ICCResult "Game drawn by mutual agreement"]
[WhiteElo "2608"]
[BlackElo "1963"]
[Opening "Bogo-Indian defense, Grünfeld variation"]
[ECO "E11"]
[NIC "QI.01"]
[Time "14:00:58"]
[TimeControl "3600+30"]

1. d4 e6 2. Nf3 Nf6 3. c4 Bb4+ 4. Nbd2 c5 5. a3 Bxd2+ 6. Bxd2 cxd4 7. Nxd4
d6 8. e3 O-O 9. Be2 e5 10. Nb5 Nc6 11. O-O Be6 12. Rc1 d5 13. cxd5 Nxd5 14.
Nc3 Rc8 15. Nxd5 Bxd5 16. Bc3 Be6 17. Qxd8 Rfxd8 18. Rfd1 f6 19. Rxd8+ Rxd8
20. Rd1 Rxd1+ 21. Bxd1 Ne7 22. e4 Kf7 23. Kf1 Nc6 24. Ke2 Ke7 25. Ke3 Kd6
26. g3 Kc5 27. f4 b5 28. Be2 Bb3 29. h4 a5 30. Bg4 b4 31. axb4+ axb4 32. Bd2
Na5 33. Be2 Bc4 34. Bd1 Ba2 35. Be2 Nb3 36. Be1 Nd4 37. fxe5 Nc2+ 38. Kd2
Nxe1 39. exf6 gxf6 40. Kxe1 Kd4 41. Kd2 Bb1 42. Bf3 Bxe4 43. Be2 h6 44. Bg4
Bb1 45. Bf3 Bd3 46. Bg2 f5 47. Bf3 {Game drawn by mutual agreement} 1/2-1/2

[Event "ICC 60 30 u"]
[Site "Internet Chess Club"]
[Date "2014.03.14"]
[Round "1"]
[White "illescas"]
[Black "laotse"]
[Result "1-0"]
[ICCResult "Black checkmated"]
[WhiteElo "2608"]
[BlackElo "1679"]
[Opening "King's Indian: 6.Be2"]
[ECO "E91"]
[NIC "KI.19"]
[Time "14:00:58"]
[TimeControl "3600+30"]

1. d4 g6 2. e4 Bg7 3. c4 d6 4. Nc3 Nf6 5. Nf3 O-O 6. Be2 Nbd7 7. O-O c5 8.
d5 h6 9. h3 a6 10. a4 b6 11. Bf4 Nh5 12. Be3 Rb8 13. Ne1 Nhf6 14. f4 Ne8 15.
Nd3 f5 16. exf5 gxf5 17. Qd2 Ndf6 18. Bf3 Bd7 19. Bf2 Nc7 20. Rae1 b5 21. b3
bxc4 22. bxc4 Na8 23. Re2 Nb6 24. Nb2 Kh8 25. Rfe1 Nc8 26. Nd3 Nb6 27. Nb2
Nc8 28. Qc2 Qa5 29. Nd3 Rf7 30. Ne5 dxe5 31. fxe5 Ne4 32. Bxe4 Bxe5 33. Nd1
Bxa4 34. Qc1 Kg7 35. Bxf5 Bd6 36. Re6 Rf6 37. Rxf6 exf6 38. Ne3 Ne7 39. Be6
Be5 40. Ng4 Rh8 41. Nxe5 fxe5 42. Rxe5 Ng6 43. Rf5 Rf8 44. Rxf8 Nxf8 45. Be1
Qb6 46. Bc3+ Kh7 47. Qf1 Qb7 48. Qxf8 Qb1+ 49. Kh2 Qg6 50. Qh8#
{Black checkmated}
1-0

[Event "ICC 60 30 u"]
[Site "Internet Chess Club"]
[Date "2014.03.14"]
[Round "1"]
[White "illescas"]
[Black "chesskeys"]
[Result "0-1"]
[ICCResult "White resigns"]
[WhiteElo "2608"]
[BlackElo "1701"]
[Opening "Sicilian: Canal-Sokolsky attack, Sokolsky variation"]
[ECO "B52"]
[NIC "SI.01"]
[Time "14:00:58"]
[TimeControl "3600+30"]

1. e4 c5 2. Nf3 d6 3. Bb5+ Bd7 4. Bxd7+ Qxd7 5. c4 Nc6 6. O-O g6 7. d4 cxd4
8. Nxd4 Bg7 9. Be3 Nf6 10. f3 O-O 11. Nc3 a6 12. a4 e6 13. Rc1 Ne5 14. b3
Rac8 15. Nde2 Rfd8 16. Kh1 d5 17. cxd5 exd5 18. Bb6 Re8 19. Nxd5 Nxd5 20.
exd5 Rxc1 21. Nxc1 Qd6 22. a5 Nd7 23. Bf2 Nf6 24. Re1 Rxe1+ 25. Bxe1 Qxd5
26. Qxd5 Nxd5 27. Kg1 Kf8 28. Nd3 Ke7 29. Bf2 Kd7 30. Kf1 Kc6 31. Ke2 Kb5
32. Nc5 Kxa5 33. Nxb7+ Kb4 34. Be1+ Bc3 35. Bxc3+ Nxc3+ 36. Kd3 Nb5 37. g4
Nc7 38. Kc2 Ne6 39. Kb2 Nd4 40. f4 Nxb3 41. Nd8 f6 42. Nc6+ Kc4 43. g5 fxg5
44. fxg5 Nd4 45. Nb8 Nf3 46. Nxa6 Nxh2 47. Nc7 Nf3 48. Kc2 Nxg5 49. Kd2 Kd4
50. Ke2 Ke4 51. Kf2 Kf4 52. Kg2 Kg4 53. Ne8 Ne4 54. Nc7 g5 55. Nd5 h5 56.
Ne3+ Kf4 57. Nd5+ Ke5 58. Ne3 g4 59. Nc4+ Kf5 60. Ne3+ Kg5 61. Nd5 h4 62.
Ne3 Nd6 63. Nd5 h3+ 64. Kh2 Kh4 65. Ne3 g3+ 66. Kg1 Kg5 67. Kh1 Kf4 68. Nd5+
Kf3 69. Nb4 g2+ 70. Kh2 Kf2 71. Nd3+ {White resigns} 0-1

[Event "ICC 60 30 u"]
[Site "Internet Chess Club"]
[Date "2014.03.14"]
[Round "1"]
[White "illescas"]
[Black "Velichko15"]
[Result "1/2-1/2"]
[ICCResult "Game drawn by mutual agreement"]
[WhiteElo "2608"]
[BlackElo "1400"]
[Opening "QGD Slav: 4.e3 Bf5"]
[ECO "D12"]
[NIC "SL.01"]
[Time "14:00:58"]
[TimeControl "3600+30"]

1. d4 d5 2. c4 c6 3. Nf3 Nf6 4. e3 Bf5 5. Nc3 e6 6. Nh4 Bg6 7. Nxg6 hxg6 8.
Qb3 Qb6 9. Bd2 Nbd7 10. Be2 Be7 11. O-O-O Qc7 12. Kb1 Nb6 13. cxd5 exd5 14.
h3 O-O 15. h4 Qd7 16. h5 gxh5 17. Qc2 Nc4 18. Bxh5 b5 19. Bc1 b4 20. Na4 Nb6
21. Nc5 Bxc5 22. dxc5 {Game drawn by mutual agreement} 1/2-1/2

[Event "ICC 60 30 u"]
[Site "Internet Chess Club"]
[Date "2014.03.14"]
[Round "1"]
[White "illescas"]
[Black "mishabobby"]
[Result "1/2-1/2"]
[ICCResult "Game drawn by mutual agreement"]
[WhiteElo "2608"]
[BlackElo "1372"]
[Opening "Modern defense: Averbakh system"]
[ECO "B06"]
[NIC "KF.04"]
[Time "14:00:58"]
[TimeControl "3600+30"]

1. e4 g6 2. d4 d6 3. c4 Bg7 4. Nc3 c6 5. Be2 Nd7 6. Nf3 e5 7. O-O Ngf6 8. d5
cxd5 9. cxd5 O-O 10. Nd2 Re8 11. Nc4 Nb6 12. Nxb6 Qxb6 13. Qb3 Nd7 14. Qxb6
Nxb6 15. Nb5 Rd8 16. Bg5 f6 17. Be3 Bf8 18. Rfc1 Bd7 19. Nxa7 Nc8 20. Nxc8
Rdxc8 21. Rxc8 Rxc8 22. Rc1 Kf7 23. Rxc8 Bxc8 24. Bb5 Ke7 25. f3 Bd7 26.
Bxd7 Kxd7 27. g4 Be7 28. Kf1 Kc7 29. Ke2 b5 30. Kd3 Kb7 31. Kc3 Ka6 32. Kb4
Bd8 33. a4 Ba5+ 34. Kb3 Bc7 35. Bh6 Ka5 36. axb5 Kxb5 37. Bf8 Kc5 38. Kc3
Ba5+ 39. Kd3 f5 40. gxf5 gxf5 41. Be7 Bb4 42. Bh4 f4 43. Bf2+ Kb5 44. b3 Ba5
45. Bh4 Bb4 46. Be7 Kc5 47. Bd8 Be1 48. Bc7 Bb4 49. Bb8 Kb5 50. Ba7 Be1 51.
h3 Kb4 52. Kc2 Kb5 53. Bb8 Kc5 54. Kb2 Bb4 55. Bc7 Kd4 56. Kc2 Ke3 57. Bb6+
Kxf3 58. Kd3 Kg2 {Game drawn by mutual agreement} 1/2-1/2

[Event "ICC 60 30 u"]
[Site "Internet Chess Club"]
[Date "2014.03.14"]
[Round "1"]
[White "illescas"]
[Black "Mimir"]
[Result "1/2-1/2"]
[ICCResult "Game drawn by mutual agreement"]
[WhiteElo "2608"]
[BlackElo "1945"]
[Opening "French: advance, Euwe variation"]
[ECO "C02"]
[NIC "FR.03"]
[Time "14:00:58"]
[TimeControl "3600+30"]

1. d4 e6 2. e4 d5 3. e5 c5 4. c3 Nc6 5. Nf3 Bd7 6. Bd3 cxd4 7. cxd4 Rc8 8.
Nc3 Nge7 9. O-O Ng6 10. Re1 Be7 11. g3 f5 12. exf6 gxf6 13. Bh6 Bf8 14. Qd2
Kf7 15. Bxf8 Qxf8 16. Bf1 h5 17. h4 Qh6 18. Qxh6 Rxh6 19. Bh3 Nb4 20. Re2
Nf8 21. a3 Nd3 22. Ne1 Nxe1 23. Raxe1 Rc4 24. Nxd5 Rxd4 25. Nc3 e5 26. Bxd7
Rxd7 27. Rd1 Rxd1+ 28. Nxd1 Ne6 29. Rc2 Rh8 30. Ne3 Rd8
{Game drawn by mutual agreement}
1/2-1/2

[Event "ICC 60 30 u"]
[Site "Internet Chess Club"]
[Date "2014.03.14"]
[Round "1"]
[White "illescas"]
[Black "chess24"]
[Result "1-0"]
[ICCResult "Black resigns"]
[WhiteElo "2608"]
[BlackElo "1948"]
[Opening "King's Indian: 3.g3"]
[ECO "E60"]
[NIC "KI.80"]
[Time "14:00:58"]
[TimeControl "3600+30"]

1. d4 Nf6 2. c4 g6 3. g3 Bg7 4. Bg2 O-O 5. Nc3 c6 6. Nf3 a6 7. O-O b5 8. c5
d5 9. cxd6 exd6 10. b3 Bb7 11. Bb2 Re8 12. Qc2 Nbd7 13. Rfe1 d5 14. Rad1 Qb6
15. e3 Rad8 16. Ne2 Ne4 17. Nc1 Bf8 18. Nd3 c5 19. dxc5 Ndxc5 20. Nxc5 Bxc5
21. Bd4 b4 22. Bxc5 Qxc5 23. Qxc5 Nxc5 24. Nd4 Ne4 25. Bxe4 dxe4 26. Rc1 Rc8
27. Kf1 a5 28. Ke2 Ba6+ 29. Kd2 Kf8 30. Rxc8 Bxc8 31. Rc1 a4 32. Rc4 axb3
33. axb3 Ba6 34. Rxb4 Rc8 35. Rb6 Bd3 36. b4 Ra8 37. b5 Ra2+ 38. Kc3 Rxf2
39. Rb8+ Ke7 40. b6 Kd7 41. Ra8 Ba6 42. Rxa6 {Black resigns} 1-0

[Event "ICC 60 30 u"]
[Site "Internet Chess Club"]
[Date "2014.03.14"]
[Round "1"]
[White "illescas"]
[Black "Ploing"]
[Result "1-0"]
[ICCResult "Black resigns"]
[WhiteElo "2608"]
[BlackElo "1400"]
[Opening "Benkö gambit: main line"]
[ECO "A58"]
[NIC "BI.41"]
[Time "14:10:52"]
[TimeControl "3600+30"]

1. d4 Nf6 2. c4 c5 3. d5 b5 4. cxb5 a6 5. bxa6 Bxa6 6. Nc3 g6 7. Nf3 d6 8.
e4 Bxf1 9. Kxf1 Bg7 10. g3 O-O 11. Kg2 Qb6 12. Re1 Nbd7 13. h3 c4 14. Re2
Nc5 15. Be3 Nfd7 16. Nd4 Ne5 17. Rc2 Ned3 18. Rb1 Nb4 19. Rd2 Nxa2 20. Nxa2
Rxa2 21. Nc6 e6 22. b4 Rxd2 23. Qxd2 Qb5 24. Nd4 Nxe4 25. Nxb5 Nxd2 26. Bxd2
exd5 27. Nxd6 Rd8 28. b5 Be5 29. Nb7 Rb8 30. Na5 c3 31. Nc6 Rxb5 32. Rxb5
cxd2 33. Rxd5 {Black resigns} 1-0

[Event "ICC 60 30 u"]
[Site "Internet Chess Club"]
[Date "2014.03.14"]
[Round "1"]
[White "illescas"]
[Black "malvado"]
[Result "1-0"]
[ICCResult "Black resigns"]
[WhiteElo "2608"]
[BlackElo "1888"]
[Opening "Budapest defense"]
[ECO "A52"]
[NIC "QG.01"]
[Time "14:02:43"]
[TimeControl "3600+30"]

1. d4 Nf6 2. c4 e5 3. dxe5 Ng4 4. e3 Nxe5 5. Be2 Bb4+ 6. Bd2 Qe7 7. Nc3 O-O
8. Nd5 Bxd2+ 9. Qxd2 Qd8 10. Nf3 Nbc6 11. O-O d6 12. Nd4 a6 13. Nxc6 bxc6
14. Nc3 Bb7 15. c5 d5 16. f4 Nd7 17. b4 Qe7 18. Rae1 a5 19. a3 axb4 20. axb4
Nf6 21. Bd3 Ba6 22. Bxa6 Rxa6 23. h3 Re8 24. Qd4 Ra3 25. Re2 h6 26. Rfe1 Ne4
27. Nxe4 Qxe4 28. Qxe4 Rxe4 29. Rb2 Raxe3 30. Rxe3 Rxe3 31. b5 cxb5 32. Rxb5
Rc3 33. c6 d4 34. Rd5 d3 35. Kf2 Rxc6 36. Rxd3 Kf8 37. g4 Ke7 38. Kf3 Re6
39. f5 Re1 40. Rc3 Kd7 41. Rd3+ Kc8 42. Rc3 Re7 43. h4 Kb7 44. g5 hxg5 45.
hxg5 Kb6 46. Rb3+ Kc5 47. Kf4 c6 48. Rh3 g6 49. Rh7 gxf5 50. g6 Re4+ 51.
Kxf5 Re1 52. gxf7 Rf1+ 53. Ke6 Kb4 54. Rh4+ Kb3 55. Rh5 Rxf7 56. Kxf7 Kb4
{Black resigns}
1-0

[Event "ICC 60 30 u"]
[Site "Internet Chess Club"]
[Date "2014.03.14"]
[Round "1"]
[White "illescas"]
[Black "tapir"]
[Result "0-1"]
[ICCResult "White resigns"]
[WhiteElo "2608"]
[BlackElo "1962"]
[Opening "Neo-Grünfeld defense"]
[ECO "D70"]
[NIC "QP.09"]
[Time "14:00:58"]
[TimeControl "3600+30"]

1. Nf3 d5 2. d4 g6 3. c4 Nf6 4. cxd5 Nxd5 5. e4 Nb6 6. h3 Bg7 7. Nc3 O-O 8.
Be2 Nc6 9. Be3 h6 10. O-O e6 11. Rc1 f5 12. d5 exd5 13. exd5 Ne7 14. Qb3 Kh7
15. Rfd1 f4 16. Bd4 Nf5 17. Bxg7 Kxg7 18. d6 cxd6 19. Nb5 Bd7 20. Nxd6 Nxd6
21. Rxd6 Qe7 22. Rd2 Rac8 23. Re1 Qf6 24. Bb5 Bxb5 25. Qxb5 Rf7 26. Rde2
Rcc7 27. Re6 Qf5 28. Qe8 Rc8 29. Nh4 Qd3 30. Rxg6+ Qxg6 31. Nxg6 Rxe8 32.
Rxe8 Kxg6 33. Kf1 Nc4 34. b3 Nd6 35. Re6+ Rf6 36. Re7 Kf5 37. Rh7 Nf7
{White resigns}
0-1

[Event "ICC 60 30 u"]
[Site "Internet Chess Club"]
[Date "2014.03.14"]
[Round "1"]
[White "illescas"]
[Black "drstrangemove"]
[Result "1-0"]
[ICCResult "Black resigns"]
[WhiteElo "2608"]
[BlackElo "1904"]
[Opening "Ruy Lopez: Berlin defense, Beverwijk variation"]
[ECO "C64"]
[NIC "RL.01"]
[Time "14:00:58"]
[TimeControl "3600+30"]

1. e4 e5 2. Nf3 Nc6 3. Bb5 Bc5 4. O-O Nf6 5. d3 d6 6. c3 Bd7 7. Nbd2 a6 8.
Ba4 O-O 9. h3 Qe7 10. Re1 Nh5 11. Nf1 h6 12. d4 Ba7 13. Ne3 exd4 14. Nd5 Qd8
15. cxd4 Nf6 16. Nc3 g5 17. e5 Nh7 18. Bc2 f5 19. e6 Be8 20. d5 Ne7 21. Be3
g4 22. hxg4 fxg4 23. Nh4 h5 24. Bxa7 Rxa7 25. Bxh7+ Kxh7 26. Qd3+ Kh8 27.
Qd4+ Kh7 28. Qxa7 Nc8 29. e7 Nxe7 30. Qe3 {Black resigns} 1-0

[Event "ICC 60 30 u"]
[Site "Internet Chess Club"]
[Date "2014.03.14"]
[Round "1"]
[White "illescas"]
[Black "Shafkat"]
[Result "1-0"]
[ICCResult "Black resigns"]
[WhiteElo "2608"]
[BlackElo "1666"]
[Opening "QGD: exchange, positional line"]
[ECO "D35"]
[NIC "QO.16"]
[Time "14:00:58"]
[TimeControl "3600+30"]

1. d4 d5 2. c4 e6 3. Nc3 Nf6 4. cxd5 exd5 5. Bg5 Be7 6. e3 c6 7. Bd3 O-O 8.
Nf3 Nbd7 9. O-O Re8 10. Qc2 Nf8 11. h3 Be6 12. Rab1 Ne4 13. Bxe7 Qxe7 14.
Nd2 Nd6 15. b4 Qf6 16. b5 Qh6 17. bxc6 bxc6 18. Ne2 Bxh3 19. gxh3 Qxh3 20.
Nf4 Qg4+ 21. Ng2 Ne4 22. f3 Qh5 23. fxe4 Re6 24. Qd1 Qh3 25. Qf3 {Black
resigns} 1-0

[Event "ICC 60 30 u"]
[Site "Internet Chess Club"]
[Date "2014.03.14"]
[Round "1"]
[White "illescas"]
[Black "silvercloud"]
[Result "1-0"]
[ICCResult "Black resigns"]
[WhiteElo "2608"]
[BlackElo "1130"]
[Opening "Pirc: Ufimtsev-Pytel variation"]
[ECO "B07"]
[NIC "PU.08"]
[Time "14:00:58"]
[TimeControl "3600+30"]

1. e4 d6 2. d4 Nf6 3. Nc3 c6 4. Nf3 Bg4 5. h3 Bh5 6. Bg5 Nbd7 7. g4 Bg6 8.
Qe2 e5 9. O-O-O Qc7 10. Kb1 O-O-O 11. Bg2 h6 12. Bh4 Be7 13. Bg3 Nh7 14.
dxe5 dxe5 15. Rxd7 Rxd7 16. Nxe5 Bd6 17. Nxd7 Bxg3 18. Nc5 Bd6 19. Nd3 Re8
20. Re1 f6 21. Qd2 a6 22. f4 c5 23. Nd5 Qd8 24. Qc3 b6 25. e5 fxe5 26. Nxe5
Bxe5 27. Rxe5 Rxe5 28. Qxe5 Bf7 29. Ne7+ {Black resigns} 1-0

[Event "ICC 60 30 u"]
[Site "Internet Chess Club"]
[Date "2014.03.14"]
[Round "1"]
[White "illescas"]
[Black "CrystalShard"]
[Result "0-1"]
[ICCResult "White resigns"]
[WhiteElo "2608"]
[BlackElo "1400"]
[Opening "QGD semi-Slav: Meran variation"]
[ECO "D47"]
[NIC "SL.09"]
[Time "14:00:58"]
[TimeControl "3600+30"]

1. Nf3 d5 2. c4 c6 3. e3 Nf6 4. Nc3 e6 5. d4 Nbd7 6. Bd3 dxc4 7. Bxc4 b5 8.
Be2 Bb7 9. a3 a5 10. O-O Be7 11. e4 b4 12. axb4 axb4 13. Rxa8 Qxa8 14. e5
bxc3 15. bxc3 Nd5 16. Bd2 c5 17. c4 Nc7 18. d5 exd5 19. cxd5 Bxd5 20. Bg5
Bxg5 21. Nxg5 h6 22. Nf3 O-O 23. Qd2 Qa2 24. Qxa2 Bxa2 25. Rd1 Be6 26. h4
Bg4 27. Kh2 Nxe5 28. Nxe5 Bxe2 29. Rd7 Ne6 {White resigns} 0-1

[Event "ICC 60 30 u"]
[Site "Internet Chess Club"]
[Date "2014.03.14"]
[Round "1"]
[White "illescas"]
[Black "OzymandiasVII"]
[Result "1-0"]
[ICCResult "Black resigns"]
[WhiteElo "2608"]
[BlackElo "1703"]
[Opening "English opening: Agincourt variation"]
[ECO "A13"]
[NIC "QP.09"]
[Time "14:00:58"]
[TimeControl "3600+30"]

1. Nf3 d5 2. c4 e6 3. d4 Bb4+ 4. Bd2 a5 5. e3 Nf6 6. Bd3 O-O 7. O-O Nbd7 8.
Nc3 c5 9. cxd5 exd5 10. a3 Bxc3 11. Bxc3 c4 12. Bc2 Qc7 13. a4 Re8 14. Nd2
Nf8 15. Re1 Ng4 16. Nf1 Ng6 17. f3 Nf6 18. Qd2 b6 19. Ng3 Bd7 20. e4 Qf4 21.
Qxf4 Nxf4 22. e5 N6h5 23. Nf1 g6 24. g3 Ne2+ 25. Rxe2 {Black resigns} 1-0

[Event "ICC 60 30 u"]
[Site "Internet Chess Club"]
[Date "2014.03.14"]
[Round "1"]
[White "illescas"]
[Black "Raster"]
[Result "1-0"]
[ICCResult "Black resigns"]
[WhiteElo "2608"]
[BlackElo "1983"]
[Opening "QGD semi-Slav: 5.e3"]
[ECO "D45"]
[NIC "SL.08"]
[Time "14:00:58"]
[TimeControl "3600+30"]

1. d4 d5 2. c4 c6 3. e3 Nf6 4. Nc3 e6 5. Nf3 Bb4 6. Bd3 O-O 7. O-O Bxc3 8.
bxc3 Qa5 9. Qc2 h6 10. cxd5 Nxd5 11. Bd2 Qc7 12. c4 Nf6 13. e4 c5
{Black resigns}
1-0

[Event "ICC 60 30 u"]
[Site "Internet Chess Club"]
[Date "2014.03.14"]
[Round "1"]
[White "illescas"]
[Black "JRussell2"]
[Result "1-0"]
[ICCResult "Black resigns"]
[WhiteElo "2608"]
[BlackElo "1439"]
[Opening "English: symmetrical variation"]
[ECO "A32"]
[NIC "EO.46"]
[Time "14:00:58"]
[TimeControl "3600+30"]

1. Nf3 Nf6 2. c4 c5 3. d4 cxd4 4. Nxd4 e6 5. Nc3 d5 6. cxd5 exd5 7. g3 Nc6
8. Bg2 Be6 9. O-O Be7 10. Nxe6 fxe6 11. e4 dxe4 12. Nxe4 O-O 13. Be3 Nxe4
14. Bxe4 Bf6 15. Qe2 Qe7 16. Rac1 Rac8 17. b3 Nd4 18. Bxd4 Bxd4 19. Rxc8
Rxc8 20. Qd3 Rd8 21. Bxh7+ Kh8 22. Qe4 e5 23. Bf5 g5 24. Qg4 Qg7 25. Kg2 Qh6
26. h4 Rg8 27. Rh1 gxh4 {Black resigns} 1-0

[Event "ICC 60 30 u"]
[Site "Internet Chess Club"]
[Date "2014.03.14"]
[Round "1"]
[White "illescas"]
[Black "Palchinsky01"]
[Result "1-0"]
[ICCResult "Black resigns"]
[WhiteElo "2608"]
[BlackElo "1804"]
[Opening "Benoni defense"]
[ECO "A60"]
[NIC "BI.38"]
[Time "14:00:58"]
[TimeControl "3600+30"]

1. d4 Nf6 2. c4 c5 3. d5 e6 4. Nf3 exd5 5. cxd5 d6 6. h3 g6 7. e4 Bg7 8. Bd3
O-O 9. O-O c4 10. Bc2 b5 11. Nd4 a6 12. Re1 Nfd7 13. Nc3 Nc5 14. a3 Ra7 15.
Be3 Re7 16. Bg5 f6 17. Bf4 Qc7 18. Ndxb5 {Black resigns} 1-0